 Dungeon Crawl Stone Soup version 0.18-a0-1155-g296dcbc (webtiles) character file.

877 Reinor the Quickloader (level 7, -1/55 HPs)
             Began as a Centaur Hunter on Jan 23, 2016.
             Slain by a hound skeleton (2 damage)
             ... on level 5 of the Dungeon.
             The game lasted 00:16:55 (5425 turns).

Reinor the Quickloader (Centaur Hunter)             Turns: 5425, Time: 00:16:55

Health: -1/55      AC:  8    Str: 17    XL:     7   Next: 75%
Magic:  7/7        EV:  8    Int: 10    God:
Gold:   124        SH:  0    Dex:  9    Spells: 0 memorised, 6 levels left

rFire  . . .     SeeInvis .     t - +1 dagger (speed)
rCold  . . .     Gourm    .     l - +0 ring mail
rNeg   + . .     Faith    .     (no shield)
rPois  .         Spirit   .     (no helmet)
rElec  .         Dismiss  .     k - +0 cloak
rCorr  .         Reflect  .     i - +0 pair of gloves
SustAt .         Harm     .     (no barding)
MR     .....                    x - amulet of magic regeneration
Stlth  ..........               (no ring)
                                q - ring of positive energy

@: lethally poisoned (-1 -> -2), very quick, not resistant to hostile
enchantments, extremely unstealthy
A: hooves 3, deformed body, speed 2, tough skin 3
a: no special abilities


You were on level 5 of the Dungeon.
You were very hungry.

You visited 2 branches of the dungeon, and saw 6 of its levels.

You collected 124 gold pieces.

Inventory:

Hand Weapons
 a - a +2 hand crossbow
 b - a +0 short sword
 t - a +1 dagger of speed (weapon)
Missiles
 d - 12 bolts
Armour
 i - a +0 pair of gloves (worn)
 k - a +0 cloak (worn)
 l - a +0 ring mail (worn)
 D - a +0 pair of gloves
Jewellery
 q - a ring of positive energy (left hand)
 r - an uncursed amulet of rage
 x - an amulet of magic regeneration (around neck)
Wands
 A - a wand of slowing (27/48)
 B - a wand of paralysis (18/24)
Scrolls
 j - 2 scrolls of magic mapping
 v - a scroll of enchant weapon
 w - 4 scrolls of noise {unknown}
 y - a scroll of enchant armour {unknown}
 z - a scroll of teleportation
Potions
 c - 2 potions of might {unknown}
 e - 2 potions of curing
 g - 2 potions of ambrosia
 h - a potion of lignification {unknown}
 m - 2 potions of magic {unknown}
 n - a potion of cancellation {unknown}
 o - 2 potions of mutation
 s - a potion of brilliance {unknown}
 u - a potion of agility
 E - a potion of flight {unknown}
Comestibles
 f - 4 bread rations
 p - 8 meat rations


   Skills:
 - Level 2.0 Fighting
 - Level 10.0 Crossbows
 + Level 2.1 Armour
 - Level 1.3 Dodging
 - Level 0.5 Stealth


You had 6 spell levels left.
You didn't know any spells.

Dungeon Overview and Level Annotations

Branches:
Dungeon (5/15)             Temple (1/1) D:4

Altars:
Ashenzari
Cheibriados
Elyvilon
Gozag
Makhleb
Nemelex Xobeh
Pakellas
Qazlal
Sif Muna
Vehumet
Xom
Yredelemnul
Zin
The Shining One

Annotations:
D:5 Dowan, Duvessa


Innate Abilities, Weirdness & Mutations

You have hooves in place of feet.
Armour fits poorly on your strangely shaped body.
You cover ground very quickly.
You have extremely tough skin (AC +3).


Message History

* * * LOW HITPOINT WARNING * * *
You hit Dowan. Your kick misses Dowan.
Dowan is moderately wounded.
Duvessa hits you with a short sword.
* * * LOW HITPOINT WARNING * * *
The hound skeleton misses you. Dowan hits you but does no damage.
You hit Dowan but do no damage. You kick Dowan.
Dowan is heavily wounded.
You feel sick. Duvessa hits you with a short sword!
* * * LOW HITPOINT WARNING * * *
The hound skeleton bites you.
* * * LOW HITPOINT WARNING * * *
You barely miss Dowan. You kick Dowan.
Dowan is heavily wounded.
Duvessa says, "Where magic fails, the sword succeeds!"
Duvessa closely misses you. Dowan completely misses you.
You closely miss Dowan.
Dowan is heavily wounded.
Duvessa hits you but does no damage. The hound skeleton bites you.
You die...

..................#
...................#
...................#
....#..............#
###+#..............#
.....#.####.####
#####. #.# .. #e#
#######@# #..Sl{Ze#
......ao#####
........# ........#
....o...# ...l.....
..a..##.# ..... ...


You could see Duvessa, Dowan, a worker ant, an orc, a giant gecko, a ball python
and a hound skeleton.

Vanquished Creatures
  3 ogres
  The ghost of FIQ the Ruffian, a weakling HOMo (D:3)
  A crimson imp (D:5)
  2 hounds (D:4)
  3 orc wizards
  2 worker ants (D:4)
  Natasha (thrice) (D:3)
  An iguana (D:4)
  2 hound skeletons (D:4)
  9 adders
  3 oozes
  An adder skeleton (D:4)
  2 worms (D:4)
  5 giant geckos
  15 orcs
  4 ball pythons
  5 giant cockroaches
  17 goblins
  8 hobgoblins
  9 jackals
  2 quokkas (D:3)
  6 bats
  A giant gecko skeleton (D:4)
  6 giant newts
  4 kobolds
  10 rats
125 creatures vanquished.

Vanquished Creatures (others)
  An orc wizard (D:4)
1 creature vanquished.

Grand Total: 126 creatures vanquished

Notes
Turn   | Place    | Note
--------------------------------------------------------------
     0 | D:1      | Reinor the Centaur Hunter began the quest for the Orb.
     0 | D:1      | Reached XP level 1. HP: 17/17 MP: 1/1
   102 | D:1      | Reached XP level 2. HP: 24/24 MP: 2/2
   105 | D:1      | Reached skill level 5 in Crossbows
   670 | D:2      | Reached XP level 3. HP: 29/29 MP: 3/3
  1091 | D:2      | Reached skill level 6 in Crossbows
  1294 | D:2      | Reached XP level 4. HP: 36/36 MP: 4/4
  1409 | D:3      | Noticed an ogre
  1429 | D:3      | Killed an ogre
  1429 | D:3      | Reached skill level 7 in Crossbows
  1429 | D:3      | Reached XP level 5. HP: 11/41 MP: 5/5
  1815 | D:3      | Noticed FIQ's ghost (weakling HOMo)
  2138 | D:3      | Noticed Natasha
  2140 | D:3      | Killed Natasha
  2283 | D:3      | Noticed Natasha
  2290 | D:3      | Killed Natasha
  2483 | D:3      | Noticed Natasha
  2484 | D:3      | Killed Natasha
  2484 | D:3      | Reached skill level 8 in Crossbows
  2484 | D:3      | Reached XP level 6. HP: 48/48 MP: 6/6
  2905 | D:3      | Killed FIQ's ghost
  3362 | D:4      | Reached skill level 9 in Crossbows
  3362 | D:4      | Reached XP level 7. HP: 55/55 MP: 7/7
  3731 | D:4      | Reached skill level 10 in Crossbows
  4137 | D:4      | Found a glowing drain.
  4360 | D:4      | Reached skill level 1 in Armour
  4563 | D:4      | Found a burning altar of Makhleb.
  4620 | D:4      | Found a staircase to the Ecumenical Temple.
  4626 | Temple   | Entered the Ecumenical Temple
  5157 | D:5      | Entered Level 5 of the Dungeon
  5363 | D:5      | Noticed Duvessa
  5410 | D:5      | Noticed Dowan
  5423 | D:5      | HP: 1/55 [hound skeleton (3)]
  5425 | D:5      | Slain by a hound skeleton

Vault maps used:
D:1:      lemuel_arrival_funnel, kennysheep_nondescript
D:3:      minmay_ogre_servants, uniq_natasha
D:4:      minmay_temple_entry_fiery, gup_sewer_entry_bowl, minmay_misc_feat_x,
          bloody_makhleb
D:5:      first_bread, serial_shops, shop, grunt_pakellas_sulfur,
          uniq_prince_ribbit1, uniq_crazy_yiuf_cottage, uniq_duvessa
Temple:   water_room_temple_a_12

Action                   |  1- 3 |  4- 6 |  7- 9 || total
-------------------------+-------+-------+-------++-------
Melee: Dagger            |       |    65 |   312 ||   377
 Fire: Hand crossbow     |   101 |   151 |    26 ||   278
  Use: Scroll            |     6 |     2 |     2 ||    10
  Eat: Chunk             |       |     5 |     5 ||    10
